 Dungeon Crawl Stone Soup version 0.21-a0-404-g291f19a (webtiles) character file.

272 Mamutox the Vandal (level 6, 0/30 HPs)
             Began as a Spriggan Arcane Marksman on Nov 1, 2017.
             Slain by an adder (4 damage)
             ... on level 4 of the Dungeon.
             The game lasted 00:18:14 (3589 turns).

Mamutox the Vandal (Spriggan Arcane Marksman)       Turns: 3589, Time: 00:18:15

Health: 0/30       AC:  3    Str:  6    XL:     6   Next: 2%
Magic:  9/9        EV: 20    Int: 15    God:
Gold:   164        SH:  0    Dex: 18    Spells: 7/8 levels left

rFire    . . .     SeeInvis +   a - +0 hunting sling
rCold    . . .     Gourm    .   (shield restricted)
rNeg     . . .     Faith    .   e - +0 robe
rPois    .         Spirit   .   (helmet restricted)
rElec    .         Reflect  .   s - +0 cloak
rCorr    .         Harm     .   (gloves unavailable)
MR       +....                  (boots unavailable)
Stlth    ++........             (no amulet)
HPRegen  0.10/turn              (no ring)
MPRegen  0.11/turn              (no ring)

@: very quick
A: unfitting armour, see invisible, herbivore 3, speed 3, slow metabolism 2
a: no special abilities


You were on level 4 of the Dungeon.
You were not hungry.

You visited 1 branch of the dungeon, and saw 4 of its levels.

You collected 164 gold pieces.

Inventory:

Hand Weapons
 a - a +0 hunting sling (weapon)
 t - a +0 short sword
Missiles
 b - 69 stones
 d - 14 sling bullets (quivered)
 n - 76 arrows
 v - 9 tomahawks
Armour
 e - a +0 robe (worn)
 s - a +0 cloak (worn)
Wands
 y - a wand of scattershot (5/9)
Scrolls
 h - 2 scrolls of enchant armour {unknown}
 i - 7 scrolls of identify {unknown}
 j - 2 scrolls of remove curse {unknown}
 l - a scroll of magic mapping {unknown}
 m - 3 scrolls of noise {unknown}
 w - 2 scrolls of fog {unknown}
 x - a scroll of teleportation {unknown}
 A - a scroll of recharging {unknown}
Potions
 g - a potion of brilliance {unknown}
 p - a potion of heal wounds {unknown}
 q - a potion of degeneration {unknown}
 r - 2 potions of curing {unknown}
 u - a potion of lignification {unknown}
 z - a potion of invisibility {unknown}
Books
 c - a book of Debilitation

   Spells                             Type                      Level
   a - Corona                         Hexes                        1
   b - Slow                           Hexes                        2
   c - Inner Flame                    Hexes/Fire                   3
   d - Portal Projectile              Hexes/Translocation          3
   e - Cause Fear                     Hexes                        4
   f - Leda's Liquefaction            Hexes/Earth                  4
Comestibles
 f - 2 bread rations
 k - a royal jelly
 o - 3 fruits


   Skills:
 + Level 1.6 Fighting
 * Level 1.9 Short Blades
 + Level 5.2 Slings
 * Level 4.2 Dodging
 * Level 2.7 Stealth
 + Level 1.5 Spellcasting
 + Level 4.4 Hexes


You had 7 spell levels left.
You knew the following spells:

 Your Spells              Type           Power        Failure   Level  Hunger
a - Corona                Hex            ##.....      3%          1    ##.....


Dungeon Overview and Level Annotations

Branches:
Dungeon (4/15)
 Temple: D:4-7

Altars:


Innate Abilities, Weirdness & Mutations

You are very small and have problems with some larger weapons.
You are too small for most types of armour.
You have supernaturally acute eyesight. (SInv)
You are a herbivore.
You cover ground extremely quickly.
You need consume almost no food.


Message History

The adder misses you. The adder barely misses you.
The adder closely misses you. The adder barely misses you.
The adder completely misses you. The adder closely misses you.
The adder completely misses you. The adder closely misses you.
The adder misses you. The adder closely misses you. The adder misses you.
The adder bites you.
* * * LOW HITPOINT WARNING * * *
The adder completely misses you. The adder closely misses you.
The adder completely misses you. The adder closely misses you.
The adder bites you.
* * * LOW HITPOINT WARNING * * *
The adder completely misses you. The adder bites you.
* * * LOW HITPOINT WARNING * * *
The adder completely misses you. The adder bites you.
You die...

..#.....#...#......
.####..###..#.....
#####..# #....#######
...#...# #....'....(#
...#...# #....#.(...#
..####'# #....###'###
..###..######...(.......
........#...#...S.......
........'...'...@.......
........#...#....)......
........#...#...........
+#########.##...........
###.####'#....... #....#
..#....... #....#
..#....... #....#...
....... ######


You could see an adder.

Vanquished Creatures
  An ogre (D:4)
  A worker ant (D:4)
  5 adders
  2 oozes (D:1)
  A worm (D:2)
  2 dart slugs (D:1)
  A leopard gecko (D:2)
  14 orcs (D:3)
  14 bats
  5 giant cockroaches
  6 goblins
  6 hobgoblins
  5 quokkas
  4 frilled lizards
  4 kobolds
  26 rats
97 creatures vanquished.

Notes
Turn   | Place    | Note
-------+----------+-------------------------------------------
     0 | D:1      | Mamutox the Spriggan Arcane Marksman began the quest for the Orb.
     0 | D:1      | Reached XP level 1. HP: 9/9 MP: 3/3
   112 | D:1      | Reached XP level 2. HP: 14/14 MP: 5/5
   198 | D:1      | Reached skill level 3 in Slings
   672 | D:1      | Reached XP level 3. HP: 15/17 MP: 6/6
  1137 | D:2      | Reached skill level 1 in Fighting
  1269 | D:2      | Reached skill level 4 in Slings
  1369 | D:2      | Reached XP level 4. HP: 22/22 MP: 7/7
  1839 | D:3      | Reached skill level 1 in Stealth
  1874 | D:3      | Reached skill level 1 in Short Blades
  2679 | D:3      | Reached XP level 5. HP: 25/25 MP: 8/8
  3306 | D:4      | Noticed an ogre
  3320 | D:4      | HP: 1/25 [ogre/giant club (24)]
  3379 | D:4      | Killed an ogre
  3379 | D:4      | Reached skill level 5 in Slings
  3379 | D:4      | Reached XP level 6. HP: 5/30 MP: 7/9
  3589 | D:4      | Slain by an adder

Vault maps used:
D:1:      lemuel_arrival_room
D:2:      kennysheep_cross_room
D:3:      minmay_rat_hole
D:4:      first_bread, serial_shops, kennysheep_mini

Skill      XL: |  1  2  3  4  5 |
---------------+----------------+-----
Hexes          | 4 |  4.4
Slings         | 3 4 5 |  5.2
Fighting       | 1 |  1.6
Stealth        | 1 2 |  2.7
Short Blades   | 1 |  1.9
Dodging        | 4 |  4.2
Spellcasting   | |  1.5

Action                   |  1- 3 |  4- 6 || total
-------------------------+-------+-------++-------
 Fire: Hunting sling     |   126 |   229 ||   355
 Cast: Corona            |     2 |     7 ||     9
Armor: Robe              |     4 |     5 ||     9
Dodge: Dodged            |    45 |    75 ||   120

Table legend:
 A = Spawn XP
 B = Non-spawn XP
 C = Spawn XP percentage of total XP
 D = Spawn monster count
 E = Non-spawn monster count
 F = Spawn count percentage of total count
 G = Total turns spent on level
                    A         B        C        D         E        F      G
               +---------+---------+-------+---------+---------+-------+---------
         Total |       0 |     389 |   0.0 |       0 |      97 |   0.0 |  3589
               +---------+---------+-------+---------+---------+-------+---------
           D:1 |       0 |      42 |   0.0 |       0 |      17 |   0.0 |   707
           D:2 |       0 |      62 |   0.0 |       0 |      32 |   0.0 |   865
           D:3 |       0 |     115 |   0.0 |       0 |      44 |   0.0 |  1484
           D:4 |       0 |     170 |   0.0 |       0 |       4 |   0.0 |   533
               +---------+---------+-------+---------+---------+-------+---------
